 Dungeon Crawl Stone Soup version 0.31.0-12-g77e489cdc1 (webtiles) character file.

Game seed: 10630908640428356018

8 Gadfly the Caller (level 2, -2/16 HPs)
             Began as a Tengu Summoner on Feb 23, 2024.
             Killed by divine providence
             ... invoked by an orc priest
              (14 damage)
             ... on level 1 of the Dungeon.
             The game lasted 00:01:33 (445 turns).

Gadfly the Caller (Tengu Summoner)                   Turns: 445, Time: 00:01:35

Health: -2/16      AC:  2    Str:  8    XL:     2   Next: 8%
Magic:  2/6        EV: 12    Int: 15    God:
Gold:   39         SH:  0    Dex: 14    Spells: 2/5 levels left

rFire   . . .        g - +0 short sword
rCold   . . .        (no shield)
rNeg    . . .        a - +0 robe
rPois   .            (helmet restricted)
rElec   .            (no cloak)
rCorr   .            (no gloves)
SInv    .            (boots unavailable)
Will    .....        (no amulet)
Stlth   ++           (no ring)
HPRegen 0.22/turn    (no ring)
MPRegen 0.10/turn

%: acrobat
@: no status effects
A: beak, talons 3, acrobatic
a: no special abilities


You were on level 1 of the Dungeon.
You visited 1 branch of the dungeon, and saw 2 of its levels.

You collected 39 gold pieces.

Inventory:

Hand Weapons
 g - a +0 short sword (weapon)
Armour
 a - a +0 robe (worn)
Scrolls
 c - a scroll of poison {unknown}
 e - a scroll of amnesia {unknown}
 f - a scroll of immolation {unknown}
Potions
 b - a potion of magic
 d - a potion of curing {unknown}
 h - a potion of ambrosia {unknown}


   Skills:
 + Level 0.4 Fighting
 + Level 2.3 Dodging
 - Level 2.0 Stealth
 + Level 2.1 Spellcasting
 + Level 4.9 Summonings
 + Level 0.4 Evocations


You had 2 spell levels left.
You knew the following spells:

 Your Spells              Type           Power      Damage    Failure   Level
a - Summon Small Mammal   Summ           64%        N/A       3%          1
b - Call Imp              Summ           32%        N/A       4%          2

Your spell library contained the following spells:

 Spells                   Type           Power      Damage    Failure   Level
 Call Canine Familiar     Summ           16%        N/A       9%          3
 Summon Blazeheart Golem  Fire/Summ      9%         N/A       61%         4
 Summon Lightning Spire   Summ/Air       9%         N/A       61%         4
 Alistair's Intoxication  Alch           0%         N/A       99%         5
 Borgnjor's Vile Clutch   Necr/Erth      0%         N/A       99%         5
 Eringya's Noxious Bog    Alch           0%         4d6       100%        6


Dungeon Overview and Level Annotations

Branches:
Dungeon (2/15)

Altars:


Innate Abilities, Weirdness & Mutations

You have a beak for a mouth.
You have claws for feet.
You can magically evade attacks while moving or waiting.


Message History

There's nothing to open nearby.
There is a stone staircase leading down here.
You climb downwards.
The orc priest shouts!
The orc shouts! x3
There is a stone staircase leading up here.
There are monsters nearby!
There are monsters nearby!
There are monsters nearby!
There are monsters nearby!
A tiny devil pulls itself out of the air.
The orc enters a dispersal trap!
The orc priest blinks!
The orc blinks!
Your cerulean imp blinks!
The orc blinks! x2
Your cerulean imp blinks!
You blink.
The orc blinks!
A ball python comes into view.
The orc closely misses your cerulean imp.
The orc hits you with a +0 dagger. The orc attacks as it pursues you!
The orc misses you.
A giant cockroach comes into view.
Your cerulean imp hits the orc priest but does no damage.
The orc closely misses you. The orc completely misses you.
Your cerulean imp completely misses the orc priest.
An endoplasm comes into view.
There is a stone staircase leading up here.
Your cerulean imp hits the orc priest from afar with a -3 spear.
The orc barely misses you. The orc closely misses you.
The orc priest closely misses you.
You climb upwards.
There is a stone staircase leading down here.
A tiny devil pulls itself out of the air.
The orc hits you with a +0 dagger. The orc hits you but does no damage.
The orc priest barely misses you.
Casting: Call Imp (safe; 4% risk of failure)
Confirm with . or Enter, or press ? or * to list all spells.
The orc hits you with a +0 dagger.
The orc priest mumbles some strange prayers to Beogh against you.
Beogh smites you!
Ouch! That really hurt!
You die...

................#######
..#..(...)..#####
###.........#
............#
.##.###....##
....###.#..#
##.........##
.+..........######
##............5o@#
...............oo#
..#.......##....b#
.....##......#####
####.##....### #
#.##...## #.##...#
#.##...# #..#...#


You could see an orc priest, 2 orcs, a friendly cerulean imp (summoned) and a
friendly bat (summoned).

Vanquished Creatures
  A bat (D:1)
  A giant cockroach (D:1)
  A hobgoblin (D:1)
  2 kobolds (D:1)
  A rat (D:1)
6 creatures vanquished.

Vanquished Creatures (collateral kills)
  An endoplasm (D:1)
1 creature vanquished.

Grand Total: 7 creatures vanquished

Notes
Turn   | Place    | Note
-------+----------+-------------------------------------------
     0 | D:1      | Gadfly the Tengu Summoner began the quest for the Orb.
     0 | D:1      | Reached XP level 1. HP: 10/10 MP: 4/4
   232 | D:1      | Reached XP level 2. HP: 13/16 MP: 3/6
   235 | D:1      | Learned a level 2 spell: Call Imp
   445 | D:1      | Killed from afar by an orc priest

Illustrated notes

Levels and vault maps discovered:
D:1:      wander_arrival_chamber, layout_rooms
D:2:      layout_rooms, minmay_misc_feat_x, st_stairs_1, kennysheep_nondescript,
          minmay_misc_feat_hallway, uniq_jessica

Action                     || total
---------------------------++-------
  Melee: Unarmed           ||     9
         Kick              ||     4
         Short sword       ||     3
         Peck              ||     1
   Cast: Summon Small Mamm ||     8
         Call Imp          ||     3
 Armour: Robe              ||    12
  Dodge: Dodged            ||    19
